 Dungeon Crawl Stone Soup version 0.18.1-48-g4cf74bf (webtiles) character file.

4753 Peloso the Blocker (level 10, -3/90 HPs)
             Began as a Minotaur Fighter on Sept 6, 2016.
             Was an Elder of Okawaru.
             Killed by divine providence
             ... invoked by an orc priest
              (9 damage)
             ... on level 9 of the Dungeon.
             The game lasted 00:21:51 (9356 turns).

Peloso the Blocker (Minotaur Fighter)               Turns: 9356, Time: 00:21:52

Health: -3/90      AC:  0    Str: 22    XL:     10   Next: 23%
Magic:  9/9        EV: 20    Int:  5    God:    Okawaru [****..]
Gold:   423        SH:  0    Dex: 12    Spells: 0 memorised, 9 levels left

rFire  . . .     SeeInvis .     (weapon currently unavailable)
rCold  . . .     Gourm    .     (armour currently unavailable)
rNeg   . . .     Faith    .     (shield currently unavailable)
rPois  .         Spirit   .     (helmet currently unavailable)
rElec  .         Dismiss  .     (cloak currently unavailable)
rCorr  .         Reflect  .     (gloves currently unavailable)
SustAt .         Harm     .     (boots currently unavailable)
MR     .....                    (amulet currently unavailable)
Stlth  +.........               (ring currently unavailable)
                                (ring currently unavailable)

@: porcupine-form, quick, not resistant to hostile enchantments, very unstealthy
A: (retaliatory headbutt), (horns 0), (slimy green scales 0), (fire resistance
0)
a: Heroism, Renounce Religion


You were on level 9 of the Dungeon.
You worshipped Okawaru.
Okawaru was greatly pleased with you.
You were not hungry.
You were a spiny porcupine.
You visited 2 branches of the dungeon, and saw 10 of its levels.
You visited the Abyss 1 time.

You collected 423 gold pieces.

Inventory:

Hand Weapons
 a - a +0 long sword
 n - the +4 Vampire's Tooth {vamp}
   (You found it on level 5 of the Dungeon)

   It inflicts no extra harm, but heals its wielder somewhat when it strikes a
   living foe.
 x - a +1 scimitar (melded)
 y - a cursed -3 short sword
Armour
 b - a +0 scale mail
 c - a +0 shield (melded)
 e - a +1 plate armour (melded)
 l - a +0 cloak (melded)
Jewellery
 k - an amulet of the gourmand (melded)
 m - a ring of wizardry (melded)
 J - a +6 ring of evasion (melded)
Wands
 j - a wand of acid (9/15)
 w - a wand of enslavement (15/24)
 z - a wand of lightning (12/15)
 A - a wand of flame (21/48)
 F - a wand of flame (19/48)
 G - a wand of lightning (5/15)
 H - a wand of confusion (38/48)
 I - a wand of acid (3/15)
Scrolls
 g - 2 scrolls of identify
 D - 3 scrolls of remove curse
Potions
 d - 2 potions of might
 h - 5 potions of agility
 i - a potion of magic
 p - 2 potions of resistance {unknown}
 q - a potion of flight
 s - 3 potions of curing
 u - 5 potions of heal wounds
 C - a potion of brilliance
 E - 2 potions of ambrosia
Comestibles
 f - 4 bread rations
 o - 29 fruits
 r - a slice of pizza
 t - 4 meat rations
 v - 2 beef jerkies
 B - a royal jelly


   Skills:
 + Level 8.4 Fighting
 + Level 7.9 Long Blades
 + Level 9.3 Armour
 + Level 3.5 Dodging
 + Level 0.3 Stealth
 + Level 11.3 Shields
 + Level 0.8 Invocations


You had 9 spell levels left.
You didn't know any spells.

Dungeon Overview and Level Annotations

Branches:
Dungeon (9/15)             Temple (1/1) D:4             Orc (0/2) D:9
   Lair: D:8-11

Altars:
Ashenzari
Cheibriados
Dithmenos
Elyvilon
Fedhas
Gozag
Kikubaaqudgha
Makhleb
Nemelex Xobeh
Okawaru
Pakellas
Qazlal
Ru
Sif Muna
Xom
Yredelemnul
Zin
The Shining One

Shops:
D:6 %   D:7 :   D:8 *   D:9 ?

Annotations:
D:4 schammes's ghost, amateur OpFE
D:9 Erolcha


Innate Abilities, Weirdness & Mutations

((You reflexively headbutt those who attack you in melee.))
((You have a pair of horns on your head.))
((You are partially covered in slimy green scales (AC +2).))
((Your flesh is heat resistant.))


Message History

Erolcha zaps a wand.
You turn into a spiny porcupine.
Your +1 scimitar melds into your body.
Your +0 cloak melds into your body.
Your +0 shield melds into your body.
Your +1 plate armour melds into your body.
Your ring of wizardry melds into your body.
Your +6 ring of evasion melds into your body.
Your amulet of the gourmand melds into your body.
You hit Erolcha.
Erolcha is heavily wounded.
Erolcha is struck by your spines.
Erolcha hits you with a giant spiked club!!!
* * * LOW HITPOINT WARNING * * *
The orc priest is struck by your spines.
The orc priest misses you.
The kobold throws a stone.
The stone completely misses you.
You hit Erolcha but do no damage.
Erolcha is almost dead.
The orc priest mumbles some strange prayers to Beogh against you.
Beogh smites you!
You die...

................[................
.............############..######
.............# #..#
.............# #..######
............)############........
.................................
...........∩../......# ########..
...............(.....# #.#
.............rO...# #..
.....(......o....# #..
.................# ########..
.............................
........................###
.......................#⌠.
########......K.......#..
#.......... ##.... .....#...#.


You could see Erolcha, an orc priest and a kobold.

Vanquished Creatures
  A two-headed ogre (D:9)
  A hungry ghost (D:9)
  A small abomination (Abyss:3)
  A steam dragon (D:9)
  3 orc warriors
  An ice beast (D:9)
  A sky beast (D:6)
  2 phantoms
  10 ogres
  A necrophage (D:8)
  2 centaurs
  2 big kobolds
  4 giant frogs
  A wyvern skeleton (D:7)
  A scorpion (D:8)
  4 killer bees (D:9)
  5 wights (D:8)
  A howler monkey (D:6)
  7 crimson imps
  2 quasits (D:7)
  6 hounds
  A jelly (D:7)
  4 orc priests
  2 giant frog skeletons
  12 orc wizards
  3 centaur skeletons
  An iguana (D:6)
  2 worker ants
  A hound zombie (D:4)
  9 adders
  8 gnolls
  3 shadow imps
  3 oozes
  2 adder zombies
  3 adder skeletons
  4 worms
  2 dart slugs
  9 giant geckos
  24 orcs
  2 ball pythons
  7 bats
  4 giant cockroaches
  6 goblins
  6 hobgoblins
  11 jackals
  8 kobolds
  6 quokkas
  7 giant newts
  6 rats
213 creatures vanquished.

Notes
Turn   | Place    | Note
--------------------------------------------------------------
     0 | D:1      | Peloso the Minotaur Fighter began the quest for the Orb.
     0 | D:1      | Reached XP level 1. HP: 19/19 MP: 0/0
   744 | D:1      | Reached XP level 2. HP: 27/27 MP: 1/1
   981 | D:2      | Reached skill level 4 in Shields
   981 | D:2      | Reached XP level 3. HP: 10/33 MP: 2/2
  1758 | D:3      | Reached XP level 4. HP: 34/40 MP: 3/3
  1783 | D:3      | Found a sparkling altar of Nemelex Xobeh.
  2034 | D:3      | Reached skill level 5 in Shields
  2410 | D:3      | Reached XP level 5. HP: 44/47 MP: 4/4
  2552 | D:4      | Noticed schammes's ghost (amateur OpFE)
  2672 | D:4      | Noticed a phantom
  2702 | D:4      | Killed a phantom
  2860 | D:4      | Noticed an ogre
  2882 | D:4      | HP: 1/47 [ogre/giant club (21)]
  2883 | D:4      | Killed an ogre
  2883 | D:4      | Reached skill level 5 in Fighting
  2883 | D:4      | Reached skill level 5 in Armour
  2883 | D:4      | Reached skill level 1 in Dodging
  2883 | D:4      | Reached skill level 6 in Shields
  2883 | D:4      | Reached XP level 6. HP: 1/56 MP: 5/5
  3219 | D:4      | Found a staircase to the Ecumenical Temple.
  3257 | Temple   | Entered the Ecumenical Temple
  3306 | Temple   | Became a worshipper of Warmaster Okawaru
  3523 | D:5      | Entered Level 5 of the Dungeon
  3832 | D:5      | Reached XP level 7. HP: 46/61 MP: 6/6
  3951 | D:5      | Reached skill level 7 in Shields
  4100 | D:5      | Reached * piety under Okawaru
  4788 | D:5      | Reached XP level 8. HP: 68/70 MP: 7/7
  5373 | D:5      | Reached skill level 8 in Shields
  5809 | D:6      | Reached skill level 5 in Long Blades
  5911 | D:6      | Reached ** piety under Okawaru
  6040 | D:6      | Reached skill level 9 in Shields
  6574 | D:6      | Found Pobbaarcho's Food Emporium.
  6878 | D:7      | Found Roleq's Book Shoppe.
  7015 | D:7      | Reached XP level 9. HP: 78/79 MP: 8/8
  7160 | D:7      | Found a deep blue altar of Sif Muna.
  7160 | D:7      | Found an opulent altar of Gozag.
  7487 | D:8      | Reached *** piety under Okawaru
  7856 | D:8      | Found Gussoed's Elemental Accessories.
  8097 | D:8      | Reached skill level 10 in Shields
  8280 | D:8      | Gained mutation: Your flesh is heat resistant. [potion of beneficial mutation]
  8667 | D:9      | Found a shattered altar of Ashenzari.
  8792 | D:9      | Reached **** piety under Okawaru
  8897 | D:9      | Found a staircase to the Orcish Mines.
  9001 | D:9      | Reached XP level 10. HP: 64/88 MP: 6/9
  9017 | D:9      | Reached skill level 11 in Shields
  9044 | D:9      | Found Loisuso's Magic Scroll Boutique.
  9054 | D:9      | Noticed Erolcha
  9054 | D:9      | Cast into level 1 of the Abyss (Erolcha)
  9054 | Abyss:1  | Found a corrupted altar of Lugonu.
  9085 | Abyss:1  | Gained mutation: You are partially covered in slimy green scales (AC +2). [a neqoxec]
  9189 | Abyss:2  | Noticed a red very ugly thing
  9189 | Abyss:2  | Noticed a red very ugly thing
  9189 | Abyss:2  | Noticed a red ugly thing
  9211 | Abyss:2  | Noticed a red very ugly thing
  9263 | Abyss:3  | Noticed a rust devil
  9268 | Abyss:3  | Noticed a green very ugly thing
  9283 | Abyss:3  | Noticed a flayed ghost
  9292 | Abyss:3  | Noticed a rust devil
  9336 | D:9      | Escaped the Abyss
  9356 | D:9      | Killed from afar by an orc priest

Skill      XL: |  1  2  3  4  5  6  7  8  9 10 |
---------------+-------------------------------+-----
Armour         | 4 5 6 7 9 |  9.3
Fighting       | 4 5 6 7 8 |  8.4
Shields        | 4 5 6 7 9 10 11 | 11.3
Long Blades    | 3 4 5 7 |  7.9
Dodging        | 1 2 3 |  3.5
Stealth        | |  0.3
Invocations    | |  0.8

Action                   |  1- 3 |  4- 6 |  7- 9 | 10-12 || total
-------------------------+-------+-------+-------+-------++-------
Melee: Long sword        |   105 |    67 |    16 |       ||   188
       Headbutt          |    19 |    42 |   125 |    12 ||   198
       Falchion          |       |   123 |   551 |       ||   674
       Scimitar          |       |       |   102 |    57 ||   159
       Unarmed           |       |       |       |     2 ||     2
Invok: Heroism           |       |       |     4 |     1 ||     5
  Use: Scroll            |       |    10 |     8 |     1 ||    19
       Potion            |       |       |     2 |     2 ||     4
  Eat: Chunk             |     9 |    11 |    18 |     2 ||    40
Armor: Plate armour      |    83 |   143 |   353 |    22 ||   601
       Scale mail        |     1 |       |       |       ||     1
Dodge: Dodged            |    13 |    55 |   141 |    31 ||   240
Block: Shield            |    65 |   133 |   406 |    43 ||   647
